 Dungeon Crawl Stone Soup version 0.28.0-47-ge53b351184 (webtiles) character file.

Game seed: 40236076864942117

670 GigaChad the Slasher (level 7, -2/62 HPs)
             Began as a Minotaur Chaos Knight on May 5, 2022.
             Was a Plaything of Xom.
             Slain by an orc
             ... wielding a +0 club
              (3 damage)
             ... on level 5 of the Dungeon.
             The game lasted 00:09:09 (5675 turns).

GigaChad the Slasher (Minotaur Chaos Knight)        Turns: 5675, Time: 00:09:09

Health: -2/62      AC:  7    Str: 16 (17) XL:     7   Next: 32%
Magic:  6/6        EV: 10    Int:  9      God:    Xom [...*..]
Gold:   1004       SH:  0    Dex: 11      Spells: 6/6 levels left

rFire   . . .      SeeInvis .   a - +0 falchion (vorpal)
rCold   . . .      Faith    .   (no shield)
rNeg    . . .      Spirit   .   e - +0 scale mail
rPois   .          Reflect  .   (helmet restricted)
rElec   .          Harm     .   (no cloak)
rCorr   .          Rampage  .   (no gloves)
Will    .....                   (no boots)
Stlth   ..........              (no amulet)
HPRegen 0.20/turn               (no ring)
MPRegen 0.10/turn               (no ring)

@: no status effects
A: horns 2, retaliatory headbutt, deterioration 1, wild magic 1, noise
suppression
a: Renounce Religion


You were on level 5 of the Dungeon.
You worshipped Xom.
You were a favourite toy of Xom.
You visited 2 branches of the dungeon, and saw 6 of its levels.

You collected 1004 gold pieces.

Inventory:

Hand Weapons
 a - a +0 vorpal falchion (weapon)
 j - a +3 scythe of venom
 l - a +0 falchion
 w - a +0 shortbow
Missiles
 u - a throwing net (quivered)
 x - 15 arrows
Armour
 b - a +2 leather armour
 e - a +0 scale mail (worn)
Magical Staves
 n - a staff of fire
Jewellery
 p - an amulet of guardian spirit
Wands
 f - a wand of flame (8)
Scrolls
 d - 3 scrolls of teleportation
 g - 5 scrolls of identify
 k - 2 scrolls of vulnerability {unknown}
 m - a scroll of blinking {unknown}
 t - a scroll of acquirement {unknown}
Potions
 c - a potion of resistance {unknown}
 h - a potion of degeneration
 i - 5 potions of curing {unknown}
 o - 2 potions of berserk rage {unknown}
 q - a potion of heal wounds {unknown}
 r - 2 potions of attraction {unknown}
 s - a potion of brilliance {unknown}
 v - a potion of flight {unknown}


   Skills:
 + Level 5.8 Fighting
 + Level 6.7 Long Blades
 + Level 5.7 Armour
 + Level 2.7 Dodging
 + Level 1.1 Stealth


You had 6 spell levels left.
You didn't know any spells.
Your spell library contained the following spells:

 Spells                   Type           Power      Damage    Failure   Level
 Ensorcelled Hibernation  Hex/Ice        0%         N/A       93%         2
 Passwall                 Tmut/Erth      0%         N/A       93%         2
 Sublimation of Blood     Necr           0%         N/A       93%         2
 Swiftness                Air            0%         N/A       99%         3
 Petrify                  Tmut/Erth      0%         N/A       100%        4
 Irradiate                Conj/Tmut      0%         3d13      100%        5


Dungeon Overview and Level Annotations

Branches:
Dungeon (5/15)             Temple (1/1) D:5

Altars:
Ashenzari
Cheibriados
Dithmenos
Elyvilon
Fedhas
Gozag
Hepliaklqana
Kikubaaqudgha
Makhleb
Nemelex Xobeh
Okawaru
Ru
Sif Muna
Trog
Uskayaw
Vehumet
Wu Jian
Xom
Yredelemnul
Zin
The Shining One


Innate Abilities, Weirdness & Mutations

You have a pair of horns on your head.
You reflexively headbutt those who attack you in melee.
Your body sometimes deteriorates upon taking damage.
Your spells are a little harder to cast, but a little more powerful.
You passively dampen the noise of your surroundings.


Message History

An orc comes into view. It is wielding a +0 dagger.
You closely miss the orc.
The orc hits you with a +2 mace of protection.
You hit the orc but do no damage.
The jackal bites you but does no damage.
You slash the orc!
You kill the orc!
The jackal closely misses you.
The orc hits you with a +2 mace of protection.
The jackal bites you but does no damage.
The jackal bites you but does no damage.
The orc misses you.
Things that are here:
a +0 war axe; 2 boomerangs An ogre comes into view.
It is wielding a +0 giant club.
The ogre shouts!
You closely miss the orc. The jackal barely misses you.
The orc hits you with a +0 dagger. The orc barely misses you.
The jackal bites you but does no damage.
You closely miss the orc. You headbutt the orc.
You kill the orc!
The orc hits you with a +0 club.
The jackal bites you but does no damage.
The orc hits you with a +2 mace of protection!
Your body deteriorates!
You feel weakened.
Things that are here:
a +0 dagger; a +0 leather armour; an orc corpse The ogre hits you with a +0 giant club!!
The jackal closely misses you.
You hit the ogre but do no damage. Your headbutt misses the ogre.
The orc hits you with a +0 club. The jackal barely misses you.
The orc hits you with a +2 mace of protection.
The ogre hits you with a +0 giant club!!
* * * LOW HITPOINT WARNING * * *
Xom is amused.
You hit the ogre. You headbutt the ogre.
The ogre is lightly wounded.
The jackal barely misses you. The orc hits you with a +0 club.
You die...
Xom cackles wildly!

#........
#.....................⌠.
#.......................
.............###.#######
.............# #. #
..........#..## #
............... .
$......O...# .. ..
.......@...#.># ..
......oho..#...
..............#
##.....)......#
##............
#####........ #........
#.#.##.......h.. #.#.#
... ......


You could see an ogre, 2 orcs and a jackal.

Vanquished Creatures
  An ice beast (D:4)
  A centaur (D:5)
  An ogre (D:4)
  A scorpion (D:5)
  A hound (D:5)
  A jelly (D:4)
  Jessica (D:2)
  7 adders
  A worm (D:2)
  3 dart slugs
  9 orcs
  9 bats
  5 endoplasms
  4 giant cockroaches
  7 goblins
  4 hobgoblins
  5 jackals
  5 quokkas
  A ball python (D:1)
  6 frilled lizards
  6 kobolds
  8 rats
87 creatures vanquished.

Vanquished Creatures (collateral kills)
  An ogre (D:5)
  An orc priest (D:5)
  A worm (D:5)
  3 orcs (D:5)
6 creatures vanquished.

Vanquished Creatures (others)
  Sigmund (D:2)
1 creature vanquished.

Grand Total: 94 creatures vanquished

Notes
Turn   | Place    | Note
-------+----------+-------------------------------------------
     0 | D:1      | GigaChad the Minotaur Chaos Knight began the quest for the
                  | Orb.
     0 | D:1      | Reached XP level 1. HP: 19/19 MP: 0/0
    62 | D:1      | Reached XP level 2. HP: 25/27 MP: 1/1
   111 | D:1      | XOM: silly message
   121 | D:1      | Reached skill level 4 in Long Blades
   130 | D:1      | HP: 1/27 [frilled lizard (3)]
   258 | D:1      | XOM: silly message
   700 | D:1      | Reached XP level 3. HP: 31/34 MP: 2/2
   903 | D:2      | Noticed Sigmund
   904 | D:2      | XOM: scenery: create altars
   910 | D:2      | Killed Sigmund
   910 | D:2      | XOM: divine lightning
   978 | D:2      | XOM: silly message
  1756 | D:2      | Noticed Jessica
  1764 | D:2      | Killed Jessica
  1765 | D:2      | Reached skill level 5 in Fighting
  1765 | D:2      | Reached XP level 4. HP: 34/42 MP: 3/3
  1882 | D:2      | Found a faded altar of an unknown god.
  1885 | D:2      | Reached skill level 5 in Long Blades
  2302 | D:3      | XOM: scenery: 1 doors open
  2417 | D:3      | XOM: scenery: 2 doors close
  2489 | D:3      | XOM: god gift: short glass wand {god gift}
  2541 | D:3      | XOM: 3-stop teleportation journey
  2607 | D:3      | XOM: 1-stop teleportation journey
  2659 | D:3      | XOM: snakes to sticks
  2670 | D:3      | Reached XP level 5. HP: 32/48 MP: 4/4
  2685 | D:3      | XOM: god gift: 896 gold pieces
  3287 | D:4      | XOM: polymorph iguana -> jelly
  3733 | D:4      | XOM: 1-stop teleportation journey
  3857 | D:4      | XOM: 1-stop teleportation journey
  3920 | D:4      | Noticed an ice beast
  3920 | D:4      | XOM: enchant monster (bad)
  3930 | D:4      | XOM: butterfly on damage
  3942 | D:4      | Killed an ice beast
  3943 | D:4      | Reached XP level 6. HP: 14/56 MP: 5/5
  4074 | D:4      | XOM: divination: detect creatures
  4296 | D:4      | XOM: god gift: book of Alchemy
  4372 | D:4      | XOM: cast spell 'Death Channel'
  4957 | D:4      | XOM: scenery: summon butterflies
  4960 | D:4      | XOM: cloud trail
  5012 | D:4      | XOM is BORED!
  5012 | D:4      | XOM: stat loss: -3 Dex (8/11)
  5055 | D:4      | Reached skill level 6 in Long Blades
  5117 | D:5      | Entered Level 5 of the Dungeon
  5120 | D:5      | XOM: cast spell 'Summon Horrible Things'
  5128 | D:5      | Reached skill level 1 in Stealth
  5147 | D:5      | XOM: give mutation
  5147 | D:5      | Gained mutation: Your body sometimes deteriorates upon
                  | taking damage. [Xom's mischief]
  5152 | D:5      | Found a staircase to the Ecumenical Temple.
  5152 | D:5      | XOM: 1-stop teleportation journey
  5167 | Temple   | Entered the Ecumenical Temple
  5251 | D:5      | Reached skill level 5 in Armour
  5251 | D:5      | Reached XP level 7. HP: 34/62 MP: 6/6
  5407 | D:5      | XOM: summons friendly quasit
  5625 | D:5      | XOM: give mutations
  5625 | D:5      | Gained mutation: You are weak. (Str -2) [Xom's mischief]
  5625 | D:5      | Gained mutation: You passively dampen the noise of your
                  | surroundings. [Xom's mischief]
  5625 | D:5      | Lost mutation: You are weak. (Str -2) [Xom's mischief]
  5625 | D:5      | Gained mutation: Your spells are a little harder to cast,
                  | but a little more powerful. [Xom's mischief]
  5674 | D:5      | HP: 1/62 [ogre/+0 giant club (18)]
  5675 | D:5      | Slain by an orc

Illustrated notes

Levels and vault maps discovered:
D:1:      shiori_shiawase, layout_rooms, minmay_tripent
D:2:      layout_loops_ring, shapermc_ecumenical_altar_mp_highgroup,
          st_stairs_14, uniq_jessica, uniq_sigmund
D:3:      layout_basic, ebering_dispersal_statue_hall
D:4:      layout_basic
D:5:      layout_rooms, temple_fountains, st_stairs_13
Temple:   dpeg_three_leaves_temple

Skill      XL: |  1  2  3  4  5  6 |
---------------+-------------------+-----
Fighting       | 4 5 |  5.8
Long Blades    | 4 5 6 |  6.7
Armour         | 3 5 |  5.7
Dodging        | 2 |  2.7
Stealth        | 1 |  1.1

Action                   |  1- 3 |  4- 6 |  7- 9 || total
-------------------------+-------+-------+-------++-------
Melee: Falchion          |    61 |   105 |    23 ||   189
       Headbutt          |     6 |    16 |     5 ||    27
       Punch             |     1 |     2 |       ||     3
  Use: Scroll            |     4 |     3 |       ||     7
Armor: Leather armour    |    46 |    11 |       ||    57
       Scale mail        |       |    39 |    11 ||    50
Dodge: Dodged            |    80 |    58 |    17 ||   155
